AoeStats
← WiryLearner2495

Black Forest

509621901Analyzed
3v3 RM · 6d ago on Sep 27, 2026· 75m 37s· 6 players
Game mode
Random Map
Map size
Normal (6 player)
Population
200
Speed
Normal
Resources
Standard
Victory
Conquest
Starting age
Dark Age
Ending age
Imperial Age
RankedLock teamsTeams togetherTeam positionsShared explorationLock speedFull tech treeHidden civsTurbo modeCheats
Victory
Defeat
🇩🇪 Persians · Germany
802
+17
🇳🇱 Ethiopians · Netherlands
797
+14
🇩🇪 Inca · Germany
664
+19
🇱🇻 Turks · Latvia
803
-18
🇨🇳 Portuguese · China
735
-15
🇹🇼 Khmer · Taiwan
713
-14
Phenylalaninehydroxylase
0:40 Loom
14:57 Feudal Age
15:27 Double-Bit Axe
15:33 Gold Mining
15:34 Stone Mining
15:48 Horse Collar
18:39 Wheelbarrow
23:52 Arson
24:55 Forging
24:45 Scale Mail Armor
26:18 Town Watch
30:22 Castle Age
29:27 Forging
29:17 Scale Mail Armor
29:08 Fletching
31:30 Heavy Plow
31:40 Bow Saw
32:05 Gold Shaft Mining
32:06 Stone Shaft Mining
33:00 Caravan
35:34 Iron Casting
35:14 Chain Mail Armor
34:55 Bodkin Arrow
35:14 Fortified Wall
35:17 Masonry
35:03 Murder Holes
34:54 Treadmill Crane
35:25 Masonry
35:10 Murder Holes
35:37 Ballistics
45:21 Imperial Age
45:02 Squires
46:36 Crop Rotation
46:11 Bracer
45:34 Elite Kamayuk
46:17 Fabric Shields
47:38 Plate Mail Armor
48:11 Blast Furnace
48:07 Conscription
48:23 Hoardings
48:12 Town Patrol
48:10 Sappers
53:36 Hand Cart
55:06 Heated Shot
56:17 Chemistry
55:29 Siege Engineers
66:10 Guilds
66:31 Coinage
69:17 Padded Archer Armor
jelmermourik
12:55 Feudal Age
13:18 Horse Collar
13:26 Double-Bit Axe
21:07 Castle Age
19:15 Gold Mining
22:39 Heavy Plow
22:20 Crossbowman
23:16 Fletching
24:57 Bodkin Arrow
25:56 Wheelbarrow
31:18 Padded Archer Armor
35:59 Thumb Ring
36:35 Hand Cart
Animal
0:31 Loom
15:57 Feudal Age
21:12 Castle Age
25:09 Double-Bit Axe
25:50 Horse Collar
26:25 Bow Saw
27:02 Wheelbarrow
27:48 Gold Mining
28:01 Heavy Plow
29:05 Gold Shaft Mining
29:36 Hand Cart
35:27 Imperial Age
34:20 Caravan
34:48 Forging
34:44 Scale Barding Armor
34:29 Fletching
34:40 Padded Archer Armor
36:28 Iron Casting
35:17 Elite War Elephant
36:44 Kamandaran
37:33 Chain Barding Armor
38:25 Crop Rotation
38:58 Two-Man Saw
38:02 Husbandry
38:12 Bloodlines
39:18 Thumb Ring
38:33 Crossbowman
40:26 Blast Furnace
39:22 Bodkin Arrow
39:42 Leather Archer Armor
40:38 Plate Barding Armor
40:03 Bodkin Arrow
40:24 Leather Archer Armor
41:31 Conscription
46:39 Chemistry
45:59 Ballistics
45:35 Murder Holes
45:51 Masonry
59:47 Light Cavalry
61:16 Ring Archer Armor
61:07 Heavy Camel Rider
62:53 Hussar
AE75
0:33 Loom
13:34 Feudal Age
14:00 Double-Bit Axe
21:03 Castle Age
19:13 Horse Collar
19:26 Stone Mining
21:38 Wheelbarrow
22:14 Bow Saw
22:31 Heavy Plow
33:46 Imperial Age
31:34 Gold Mining
32:40 Hand Cart
32:31 Scale Mail Armor
32:54 Fortified Wall
32:43 Town Watch
33:51 Gold Shaft Mining
33:40 Murder Holes
33:57 Masonry
34:27 Chain Mail Armor
34:23 Forging
35:39 Two-Man Saw
35:16 Bombard Tower
35:45 Conscription
35:42 Arrowslits
37:06 Architecture
36:31 Heated Shot
37:02 Ballistics
37:20 Squires
40:08 Plate Mail Armor
39:49 Forging
42:37 Iron Casting
51:28 Blast Furnace
60:00 Bloodlines
59:51 Husbandry
WiryLearner2495
0:33 Loom
15:28 Feudal Age
17:21 Wheelbarrow
16:31 Horse Collar
21:02 Castle Age
19:34 Double-Bit Axe
19:42 Stone Mining
21:58 Heavy Plow
24:38 Bow Saw
25:31 Pikeman
26:57 Stone Shaft Mining
26:17 Gold Mining
28:23 Gold Shaft Mining
29:14 Hand Cart
31:25 Light Cavalry
32:16 Bloodlines
32:07 Husbandry
37:32 Imperial Age
38:55 Imperial Age
40:56 Caravan
40:20 Capped Ram
40:21 Heavy Scorpion
40:24 Halberdier
40:46 Hussar
41:09 Siege Ram
46:09 Siege Engineers
46:27 Ballistics
46:02 Murder Holes
47:08 Chemistry
46:02 Fletching
46:23 Forging
46:13 Padded Archer Armor
46:14 Scale Mail Armor
46:20 Scale Barding Armor
49:28 Conscription
55:36 Crop Rotation
59:08 Bodkin Arrow
59:48 Iron Casting
59:29 Leather Archer Armor
59:29 Chain Mail Armor
59:34 Chain Barding Armor
67:11 Bracer
68:12 Blast Furnace
67:53 Plate Barding Armor
67:49 Ring Archer Armor
68:21 Blast Furnace
noob
1:20 Loom
11:04 Feudal Age
11:30 Horse Collar
11:38 Double-Bit Axe
20:09 Castle Age
19:58 Gold Mining
21:32 Heavy Plow
23:11 Fletching
26:29 Imperial Age
24:02 Bodkin Arrow
24:46 Masonry
25:23 Stone Mining
25:39 Murder Holes
25:51 Padded Archer Armor
26:04 Forging
27:11 Town Watch
28:34 Crop Rotation
27:32 Elite Skirmisher
28:35 Treadmill Crane
29:24 Block Printing
29:44 Ballistics
29:50 Leather Archer Armor
38:40 Caravan
39:17 Bow Saw
40:37 Chemistry
41:26 Wheelbarrow
41:23 Scale Barding Armor
43:26 Architecture
44:06 Scale Mail Armor
44:50 Thumb Ring
46:33 Bracer
47:04 Ring Archer Armor
48:32 Conscription
49:12 Chain Barding Armor
49:09 Chain Mail Armor
48:54 Herbal Medicine
49:11 Fervor
51:05 Theocracy
50:46 Siege Engineers
52:06 Arquebus
55:09 Bombard Tower
55:11 Hand Cart
54:56 Town Patrol
55:58 Sanctity
55:48 Murder Holes
56:04 Fortified Wall
65:21 Town Patrol
70:47 Coinage
70:31 Guilds
71:27 Elite Organ Gun
73:48 Banking
Connection lost

Rejoining the realm…

Still unreachable

The connection could not be restored.

Session expired

The server has moved on; the page needs a fresh start.